 Dungeon Crawl Stone Soup version 0.23-a0-643-g9ccc95a (webtiles) character file.

100 Gorice the Twirler (level 4, 0/35 HPs)
             Began as a Demonspawn Wanderer on Dec 31, 2018.
             Slain by Natasha (3 damage)
             ... on level 1 of the Dungeon.
             The game lasted 00:06:04 (1607 turns).

Gorice the Twirler (Demonspawn Wanderer)            Turns: 1607, Time: 00:06:05

Health: 0/35       AC: 12    Str: 14    XL:     4   Next: 47%
Magic:  4/4        EV:  4    Int: 12    God:
Gold:   141        SH:  0    Dex: 13    Spells: 3/3 levels left

rFire    . . .     SeeInvis .   a - +0 quarterstaff
rCold    . . .     Gourm    .   (shield currently unavailable)
rNeg     . . .     Faith    .   q - +0 plate armour
rPois    .         Spirit   .   (no helmet)
rElec    .         Reflect  .   (no cloak)
rCorr    .         Harm     .   (no gloves)
MR       .....                  (no boots)
Stlth    ..........             r - amulet of magic regeneration
HPRegen  0.11/turn              (no ring)
MPRegen  0.34/turn              (no ring)

@: flying, very slightly contaminated, slowed, invisible, very slow
A: thin metallic scales 1
a: no special abilities


You were on level 1 of the Dungeon.
You were not hungry.

You visited 1 branch of the dungeon, and saw 2 of its levels.

You collected 141 gold pieces.

Inventory:

Hand Weapons
 a - a +0 quarterstaff (weapon)
 d - a +0 short sword
 B - a +2 blowgun
Missiles
 c - 2 curare-tipped needles
 i - 8 needles of frenzy
 j - 2 poisoned needles
 k - 2 tomahawks (quivered)
 Y - 22 stones
Armour
 e - a +0 robe
 l - a +0 chain mail
 q - a +0 plate armour (worn)
Jewellery
 r - an amulet of magic regeneration (around neck)
Scrolls
 m - 2 scrolls of remove curse
 o - a scroll of enchant weapon {unknown}
 t - a scroll of teleportation {!r}
Potions
 n - a potion of might {!q}
 p - a potion of resistance {!q}
Comestibles
 f - 5 rations
 h - 4 chunks of flesh


   Skills:
 - Level 3.0 Fighting
 - Level 1.7(1.9) Short Blades
   Level 1.0(1.5) Long Blades
 * Level 3.2 Staves
 - Level 1.0 Throwing
 + Level 1.6 Armour
 - Level 1.7 Dodging
   Level 1.0 Shields


You had 3 spell levels left.
You didn't know any spells.
Your spell library was empty.

Dungeon Overview and Level Annotations

Branches:
Dungeon (2/15)

Altars:
Ashenzari

Annotations:
D:1 Natasha


Innate Abilities, Weirdness & Mutations

You are partially covered in thin metallic scales. (AC +2)


Message History

The magic dart hits you!
Damage: 1 (max 1)
You feel yourself speed up.
Natasha drinks a potion.
Natasha seems to speed up.
Natasha howls an incantation.
You feel troubled.
Natasha mumbles some strange words.
Natasha's front paws start to glow.
Natasha extends her claws.
Natasha mewls in sadness.
Natasha mumbles some strange words.
There is a stone staircase leading up here.
Natasha stares at you and mumbles some strange words.
You feel yourself slow down.
You climb upwards.
The crimson imp disappears in a puff of smoke!
There is a stone staircase leading down here.
Unknown command.
You closely miss Natasha.
Natasha stares at you and mumbles some strange words.
The magic dart hits you!
* * * LOW HITPOINT WARNING * * *
Natasha mumbles some strange words.
Natasha stares at you and mumbles some strange words.
The magic dart hits you!
* * * LOW HITPOINT WARNING * * *
Damage: 14 (max 14) Natasha claws you but does no damage.
Natasha casts a spell at you. The magic dart hits you!
* * * LOW HITPOINT WARNING * * *
Natasha claws you.
* * * LOW HITPOINT WARNING * * *
Damage: 6 (max 14) Unknown command.
Really quaff
g - a potion of invisibility {!q}?
You fade into invisibility!
Natasha claws you but does no damage. x2
You are very lightly contaminated with residual magic.
Natasha stares at you and mumbles some strange words.
You feel as though you will be slow longer.
You see here a +0 dagger.
It was a potion of magic.
Magic courses through your body.
Natasha claws you but does no damage. x2
It was a potion of flight.
You feel very buoyant.
You fly up into the air.
Natasha stares at you and mumbles some strange words.
You feel as though you will be slow longer.
Natasha claws you.
You die...

...#⌠^##'##.⌠#......#.######.#
...####...####...#.##.######.#
##....#......................#
###......#........##.#####..#
#..##+##.#......##.#......#
#...........>.####.#.###..####
####....#..#..##5# #...........#
..............##h# ###........##
.............###@# #.###.##.#
#.#####.###..# #.# #.# #.##.#
#.#...#.#....###.# #.# #.##.#
###.###.###...÷..# #.# #.##.#
....#.....#..###.######.# #.##.#
###.#.###.#..# #.......[# #.##.#
#.#.#.#.#.#..###..#########.##.#
#.#.###.###..#...)...)...##.##.#
..#..........#...........##.##.#


You could see Natasha and a crimson imp.

Vanquished Creatures
  Natasha (twice) (D:2)
  An adder (D:1)
  2 dart slugs (D:1)
  2 worms (D:1)
  A leopard gecko (D:1)
  2 giant cockroaches
  6 goblins
  3 hobgoblins
  6 kobolds
  A quokka (D:2)
  3 bats
  2 frilled lizards (D:2)
31 creatures vanquished.

Notes
Turn   | Place    | Note
-------+----------+-------------------------------------------
     0 | D:1      | Gorice the Demonspawn Wanderer began the quest for the Orb.
     0 | D:1      | Gorice set off with the following items: 2 curare-tipped
                  | needles, a +2 blowgun, a +0 quarterstaff, a +0 short sword,
                  | a +0 robe, a ration
     0 | D:1      | Reached XP level 1. HP: 18/18 MP: 1/1
    87 | D:1      | Reached skill level 1 in Staves
   277 | D:1      | Found a shattered altar of Ashenzari.
   295 | D:1      | Gained mutation: You are partially covered in thin metallic
                  | scales. (AC +2) [demonic ancestry]
   295 | D:1      | Reached XP level 2. HP: 15/24 MP: 2/2
   515 | D:1      | Reached skill level 2 in Staves
   968 | D:2      | Noticed Natasha
   974 | D:2      | Noticed a crimson imp
  1038 | D:1      | Reached XP level 3. HP: 29/29 MP: 3/3
  1254 | D:2      | Reached skill level 1 in Armour
  1353 | D:2      | Killed Natasha
  1353 | D:2      | Reached XP level 4. HP: 29/35 MP: 4/4
  1402 | D:2      | Reached skill level 3 in Staves
  1574 | D:2      | Noticed Natasha
  1582 | D:2      | Killed Natasha
  1587 | D:2      | Noticed Natasha
  1601 | D:1      | HP: 8/35 [Natasha/magic dart (7)]
  1603 | D:1      | HP: 2/35 [Natasha (4)]
  1607 | D:1      | Slain by Natasha

Vault maps used:
D:1:      evilmike_arrival_hilbert_curve, evilmike_ruin_ashenzari
D:2:      uniq_natasha

Skill      XL: |  1  2  3  4 |
---------------+-------------+-----
Staves         | 1 2 3 |  3.2
Armour         | 1 |  1.6
Fighting       | |  3.0
Short Blades   | |  1.7
Long Blades    | |  1.0
Throwing       | |  1.0
Dodging        | |  1.7
Shields        | |  1.0

Action                   |  1- 3 |  4- 6 || total
-------------------------+-------+-------++-------
Melee: Quarterstaff      |    88 |    29 ||   117
  Use: Scroll            |     7 |       ||     7
       Potion            |       |     3 ||     3
  Eat: Chunk             |     1 |     1 ||     2
Armor: Robe              |     8 |       ||     8
       Chain mail        |    30 |       ||    30
       Plate armour      |     3 |    29 ||    32
Dodge: Dodged            |    46 |     4 ||    50

Table legend:
 A = Non-vault XP
 B = Vault XP
 C = Vault XP percentage of total XP
 D = Non-vault monster count
 E = Vault monster count
 F = Vault count percentage of total count
                 A         B        C        D         E       F
            +---------+---------+-------+---------+---------+-------
      Total |     108 |      36 |  25.0 |      30 |       1 |   3.2
            +---------+---------+-------+---------+---------+-------
        D:1 |      55 |       0 |   0.0 |      18 |       0 |   0.0
        D:2 |      53 |      36 |  40.4 |      12 |       1 |   7.7
            +---------+---------+-------+---------+---------+-------

Table legend:
 A = Turns spent in this place as a percentage of turns spent in the entire game.
 B = Non-inter-level travel turns spent in this place as a percentage of non-inter-level travel turns spent in the entire game.
 C = Inter-level travel turns spent in this place as a percentage of turns spent in this place.
 D = Turns resting spent in this place as a percentage of non-inter-level travel turns spent in this place.
 E = Turns spent auto-exploring this place as a percentage of non-inter-level travel turns spent in this place.
 F = Non-inter-level travel turns spent in this place divided by the number of levels of this place that you've seen.
                   A       B       C       D       E      F
               +-------+-------+-------+-------+-------+----------------------
         Total | 100.0 | 100.0 |   3.5 |  14.4 |  51.0 | 775.5
       Dungeon | 100.0 | 100.0 |   3.5 |  14.4 |  51.0 | 775.5
               +-------+-------+-------+-------+-------+----------------------

Vault maps used:
D:1:      evilmike_arrival_hilbert_curve, evilmike_ruin_ashenzari
D:2:      uniq_natasha
